 Dungeon Crawl Stone Soup version 0.28-a0-726-g4a9143789a (webtiles) character file.

Game seed: 14685583581151524305

686 spiderkeys the Cutter (level 7, 0/44 HPs)
             Began as a Kobold Abyssal Knight on Oct 28, 2021.
             Was a Priest of Lugonu.
             Slain by a sky beast (6 damage)
             ... on level 5 of the Dungeon.
             The game lasted 00:04:53 (4782 turns).

spiderkeys the Cutter (Kobold Abyssal Knight)       Turns: 4782, Time: 00:04:53

Health: 0/44       AC:  4    Str: 10    XL:     7   Next: 94%
Magic:  10/10      EV: 16    Int: 12    God:    Lugonu [***...]
Gold:   215        SH:  0    Dex: 17    Spells: 6/6 levels left

rFire   + . .      SeeInvis .   d - +5 falchion (elec)
rCold   . . .      Faith    +   (shield restricted)
rNeg    . . .      Spirit   .   b - +0 leather armour
rPois   .          Reflect  .   (no helmet)
rElec   .          Harm     .   p - +0 cloak
rCorr   .          Rampage  .   (no gloves)
Will    .....                   (no boots)
Stlth   ++++......              T - amulet of faith {!P}
HPRegen 0.14/turn               F - ring of protection from fire
MPRegen 0.12/turn               (no ring)

@: hasted, very quick
A: small, no large weapons, nightstalker 3
a: Renounce Religion, Depart the Abyss, Bend Space, Banish


You were on level 5 of the Dungeon.
You worshipped Lugonu.
Lugonu was most pleased with you.
You visited 1 branch of the dungeon, and saw 5 of its levels.
You visited the Abyss 1 time.

You collected 215 gold pieces.


Innate Abilities, Weirdness & Mutations

You are small and have problems with some larger weapons.
You are completely attuned to the shadows.


   Skills:
 + Level 5.1 Fighting
 + Level 5.4 Short Blades
 - Level 0.7 Armour
 + Level 4.9 Dodging
 + Level 4.9 Stealth
 + Level 4.3 Invocations


You had 6 spell levels left.
You didn't know any spells.
Your spell library contained the following spells:

 Spells                   Type           Power      Damage    Failure   Level
 Call Canine Familiar     Summ           0%         N/A       80%         3
 Gell's Gravitas          Tloc           0%         N/A       80%         3
 Lesser Beckoning         Tloc           0%         N/A       80%         3
 Portal Projectile        Hex/Tloc       0%         N/A       80%         3
 Teleport Other           Tloc           0%         N/A       80%         3
 Leda's Liquefaction      Hex/Erth       0%         N/A       99%         4

Inventory:

Hand Weapons
 a - a +1 short sword
 d - a +5 falchion of electrocution (weapon)
   (You found it on level 1 of the Abyss)
Missiles
 j - 11 arrows
 k - 30 poisoned darts
 n - 23 bolts
 o - 4 boomerangs
 v - 158 stones
 x - 2 throwing nets {=f!f}
Armour
 b - a +0 leather armour (worn)
 p - a +0 cloak (worn)
   (You took it off Crazy Yiuf on level 2 of the Dungeon)
 z - a +0 helmet
   (You took it off Robin on level 4 of the Dungeon)
Jewellery
 g - an amulet of regeneration
   (You found it on level 4 of the Dungeon)
 F - a ring of protection from fire (left hand)
   (You found it on level 2 of the Dungeon)
 G - an amulet of guardian spirit
   (You found it on level 1 of the Dungeon)
 T - an amulet of faith (around neck) {!P}
   (You took it off a gnoll on level 3 of the Dungeon)
Scrolls
 f - a scroll of identify {@r1}
 i - a scroll of vulnerability {unknown}
 m - a scroll of noise {unknown}
 t - a scroll of enchant armour {unknown}
 w - a scroll of fog {unknown}
 y - a scroll of magic mapping {unknown}
Potions
 c - a potion of heal wounds {unknown}
 h - a potion of haste {@q3}
 l - a potion of curing {@q1}
 q - a potion of brilliance {unknown}
 r - a potion of might {unknown}
 s - a potion of berserk rage {unknown}
 u - a potion of degeneration {unknown}

Dungeon Overview and Level Annotations

Branches:
Dungeon (5/15)
 Temple: D:4-7

Altars:
Okawaru

Annotations:
D:3 3 runed translucent doors

..........
...........
..............
.............
............
#...).......
.####<....Y@....
.s.†....####.##.
#####..... ...
#..... ...#
#..... ...# ##..


You could see a sky beast.


Message History

You miss the hound. The hound closely misses you.
A howler monkey comes into view.
The sky beast closely misses you. The hound barely misses you.
You closely miss the hound. The hound barely misses you.
The sky beast closely misses you. The hound barely misses you.
The sky beast completely misses you.
You hit the hound.
You kill the hound!
Lugonu accepts your kill. The sky beast closely misses you.
You barely miss the howler monkey. The howler monkey hits you.
The sky beast hits you. The sky beast shocks you.
The howler monkey hoots and howls with incredible vigour!
You hear an angry hiss.
You hear a shout!
You hear a bark! x3 😮 HP[-12]
You take 12 damage, and now have 32/44 hp.
MASSIVE DAMAGE!! (PAUSE)
You hit the sky beast. The sky beast misses you.
The howler monkey hits you. 😮 HP[-4]
You take 4 damage, and now have 28/44 hp.
You barely miss the sky beast. The howler monkey misses you.
The sky beast misses you.
The howler monkey hoots and howls with incredible vigour!
You hear a bark! x2
You slash the sky beast! The sky beast completely misses you.
The howler monkey hits you. The sky beast hits you. The sky beast shocks you.
* * * LOW HITPOINT WARNING * * *
😨 HP[-10]
You take 10 damage, and now have 18/44 hp.
MASSIVE DAMAGE!! (PAUSE)
You hit the sky beast. The howler monkey barely misses you.
The sky beast hits you.
* * * LOW HITPOINT WARNING * * *
The sky beast shocks you.
* * * LOW HITPOINT WARNING * * *
😱 HP[-8]
You take 8 damage, and now have 10/44 hp.
Unknown command.
You barely miss the sky beast.
A scorpion comes into view.
The howler monkey barely misses you. The sky beast closely misses you.
The howler monkey misses you.
Okay, then.
It was a potion of curing.
You feel better. The sky beast barely misses you.
The howler monkey hoots and howls with incredible vigour!
You hear a shout!
You hear a bark! 😨 HP[+7]
You regained 7 hp, and now have 17/44 hp.
Okay, then.
You hit the sky beast but do no damage. The howler monkey closely misses you.
The sky beast hits you.
* * * LOW HITPOINT WARNING * * *
The sky beast shocks you.
* * * LOW HITPOINT WARNING * * *
The howler monkey misses you. 😱 HP[-10]
You take 10 damage, and now have 7/44 hp.
MASSIVE DAMAGE!! (PAUSE) Space bends around you!
You blink. 😱 HP[-2] MP[-1]
You take 2 damage, and now have 5/44 hp.
You lost 1 mp, and now have 9/10 mp.
Unknown command.
Unknown command.
Okay, then.
You feel better.
A sky beast comes into view. 😨 HP[+7]
You regained 7 hp, and now have 12/44 hp.
As you read the scroll labelled PAXTOIHAEC, it crumbles to dust.
It is a scroll of identify.
e - a scroll of fear The sky beast hits you but does no damage.
As you read the scroll of fear, it crumbles to dust.
You assume a fearsome visage.
The scorpion looks frightened!
The sky beast looks frightened!
The howler monkey looks frightened!
The sky beast easily resists. 😨 HP[+1]
Okay, then.
It was a potion of haste.
You feel yourself speed up.
You slash the sky beast! The sky beast misses you. 😨 MP[+1]
Your mp is fully restored (10).
You hit the sky beast. The sky beast closely misses you.
You hit the sky beast but do no damage. The sky beast misses you.
You slash the sky beast! The sky beast hits you.
* * * LOW HITPOINT WARNING * * *
The sky beast shocks you.
* * * LOW HITPOINT WARNING * * *
😱 HP[-7]
You take 7 damage, and now have 6/44 hp.
You closely miss the sky beast. You miss the sky beast.
The sky beast hits you but does no damage. 😱 HP[+1]
You hit the sky beast. The sky beast hits you.
* * * LOW HITPOINT WARNING * * *
The sky beast shocks you.
You die...

Skill      XL: |  1  2  3  4  5  6  7 |
---------------+----------------------+-----
Stealth        | 1 2 3 4 |  4.9
Short Blades   | 3 4 5 |  5.4
Dodging        | 3 4 |  4.9
Fighting       | 4 5 |  5.1
Invocations    | 3 4 |  4.3
Armour         | |  0.7

Action                   |  1- 3 |  4- 6 |  7- 9 || total
-------------------------+-------+-------+-------++-------
Melee: Falchion          |    50 |    59 |   112 ||   221
Invok: Depart the Abyss  |     1 |       |       ||     1
       Bend Space        |       |       |     1 ||     1
  Use: Potion            |       |       |     3 ||     3
       Scroll            |       |       |     2 ||     2
 Stab: Sleeping          |    12 |     6 |    13 ||    31
Armor: Leather armour    |     6 |     3 |    17 ||    26
Dodge: Dodged            |    28 |    39 |    95 ||   162

Levels and vault maps discovered:
D:1:      eino_arrival_cavern_a, layout_loops_cross, basic_ecumenical_altar,
          serial_glass, glass_columns_a, glass_columns_a
D:2:      layout_loops_cross, basic_altar, uniq_terence, uniq_sigmund,
          uniq_crazy_yiuf_cottage
D:3:      layout_loops_corners, gammafunk_ghost_icy, uniq_jessica
D:4:      layout_cave_pods, serial_glass, glass_columns_b, glass_columns_a,
          grunt_ministairs_8, uniq_robin
D:5:      layout_rooms, gammafunk_ghost_arena, gup_sewer_entry_spiral

Notes
Turn   | Place    | Note
-------+----------+-------------------------------------------
     0 | Abyss:1  | spiderkeys the Kobold Abyssal Knight began the quest for
                  | the Orb.
     0 | Abyss:1  | Reached XP level 1. HP: 14/14 MP: 2/2
     0 | Abyss:1  | magus.rc [v1.9.10]
    44 | Abyss:1  | Found a corrupted altar of Lugonu.
    53 | Abyss:1  | Noticed a large abomination
    80 | Abyss:1  | Noticed a small abomination
   171 | Abyss:1  | Noticed a small abomination
   177 | Abyss:1  | Noticed an orange demon
   178 | D:1      | You pass through the gate.
   178 | D:1      | Escaped the Abyss
   310 | D:1      | Reached * piety under Lugonu
   335 | D:1      | Reached XP level 2. HP: 19/19 MP: 3/3
   351 | D:1      | Found a faded altar of an unknown god.
   407 | D:1      | Reached skill level 1 in Stealth
   434 | D:1      | Reached skill level 3 in Short Blades
   783 | D:1      | Reached XP level 3. HP: 16/23 MP: 2/4
  1251 | D:2      | Noticed Terence
  1255 | D:2      | Killed Terence
  1256 | D:2      | Reached skill level 3 in Dodging
  1256 | D:2      | Reached skill level 2 in Stealth
  1256 | D:2      | Reached XP level 4. HP: 20/29 MP: 3/5
  1500 | D:2      | Noticed Sigmund
  1514 | D:2      | Killed Sigmund
  1515 | D:2      | Reached skill level 4 in Fighting
  1515 | D:2      | Reached skill level 4 in Short Blades
  1515 | D:2      | Reached skill level 3 in Stealth
  1515 | D:2      | Reached skill level 3 in Invocations
  1515 | D:2      | Reached XP level 5. HP: 21/33 MP: 3/7
  1515 | D:2      | Reached XP level 6. HP: 24/38 MP: 3/8
  1781 | D:2      | You pick up a book of Displacement and begin reading...
  1781 | D:2      | You add the spells Lesser Beckoning, Gell's Gravitas and
                  | Teleport Other to your library.
  1882 | D:2      | Found a runed translucent door.
  1885 | D:2      | Noticed Crazy Yiuf
  2017 | D:2      | Found an iron altar of Okawaru.
  2155 | D:2      | Killed Crazy Yiuf
  2201 | D:3      | Found a runed translucent gate.
  2202 | D:3      | Found a runed translucent gate.
  2204 | D:3      | Found a runed translucent gate.
  2230 | D:3      | Reached ** piety under Lugonu
  2304 | D:3      | Reached skill level 4 in Dodging
  2610 | D:3      | Reached XP level 7. HP: 44/44 MP: 9/9
  2761 | D:3      | Reached skill level 4 in Stealth
  3181 | D:3      | Noticed Jessica
  3185 | D:3      | Killed Jessica
  3723 | D:4      | Reached skill level 5 in Short Blades
  3847 | D:4      | Reached skill level 4 in Invocations
  4059 | D:4      | Noticed Robin
  4074 | D:4      | Reached *** piety under Lugonu
  4292 | D:4      | Reached skill level 5 in Fighting
  4588 | D:4      | You pick up a book of the Hunter and begin reading...
  4588 | D:4      | You add the spells Call Canine Familiar, Portal Projectile
                  | and Leda's Liquefaction to your library.
  4654 | D:4      | Killed Robin
  4752 | D:5      | Entered Level 5 of the Dungeon
  4764 | D:5      | HP: 10/44 [sky beast (5)]
  4779 | D:5      | HP: 11/44 [sky beast (2)]
  4782 | D:5      | Slain by a sky beast

Vanquished Creatures
  Sigmund (D:2)
  A phantom (D:4)
  Crazy Yiuf (D:2)
  A hound (D:5)
  2 orc priests (D:3)
  A bullfrog skeleton (D:4)
  Jessica (D:3)
  Terence (D:2)
  3 orc wizards (D:4)
  Robin (D:4)
  8 gnolls (D:3)
  An adder (D:4)
  4 orcs (D:3)
  11 endoplasms
  3 giant cockroaches
  13 goblins
  10 hobgoblins
  3 quokkas
  6 ball pythons
  6 bats
  4 frilled lizards
  6 kobolds
  4 rats
92 creatures vanquished.

Table legend:
 A = Non-vault XP
 B = Vault XP
 C = Vault XP percentage of total XP
 D = Non-vault monster count
 E = Vault monster count
 F = Vault count percentage of total count
                 A         B        C        D         E       F
            +---------+---------+-------+---------+---------+-------
      Total |     594 |     387 |  39.4 |      75 |      17 |  18.5
            +---------+---------+-------+---------+---------+-------
        D:1 |      40 |       0 |   0.0 |      26 |       0 |   0.0
        D:2 |      10 |     311 |  96.9 |       7 |       3 |  30.0
        D:3 |     233 |      37 |  13.7 |      31 |       1 |   3.1
        D:4 |     268 |      39 |  12.7 |      10 |      13 |  56.5
        D:5 |      43 |       0 |   0.0 |       1 |       0 |   0.0
            +---------+---------+-------+---------+---------+-------

Illustrated notes

Table legend:
 A = Kills in this place as a percentage of kills in entire the game.
 B = Kills by you in this place as a percentage of kills by you in the entire game.
 C = Kills by friends in this place as a percentage of kills by friends in the entire game.
 D = Other kills in this place as a percentage of other kills in the entire game.
 E = Experience gained in this place as a percentage of experience gained in the entire game.
 F = Experience gained in this place divided by the number of levels of this place that you have seen.
                   A       B       C       D       E      F
               +-------+-------+-------+-------+-------+----------------------
         Total | 100.0 | 100.0 |   N/A |   N/A | 100.0 | 163.5
       Dungeon | 100.0 | 100.0 |   N/A |   N/A | 100.0 | 196.2
               +-------+-------+-------+-------+-------+----------------------

Table legend: (Time is in decaauts)
 A = Elapsed time spent in this place.
 B = Non-inter-level travel time spent in this place.
 C = Inter-level travel time spent in this place.
 D = Time resting spent in this place.
 E = Time spent auto-exploring this place.
 F = Levels seen in this place.
 G = Mean time per level.
                   A        B        C        D        E       F      G
               +--------+--------+--------+--------+--------+-----+--------+
         Total |   4827 |   4691 |    136 |      6 |   4029 |   6 |  804.5 |
       Dungeon |   4649 |   4513 |    136 |      6 |   3901 |   5 |  929.8 |
         Abyss |    177 |    177 |      0 |      0 |    128 |   1 |  177.0 |
               +--------+--------+--------+--------+--------+-----+--------+

Top non-repeatable levels by time:
     D:3: 1377 daAuts
     D:4: 1207 daAuts
     D:1: 1069 daAuts
     D:2: 963 daAuts
 Abyss:1: 177 daAuts
     D:5: 31 daAuts
